 Dungeon Crawl Stone Soup version 0.27.1-34-g3ba077fa99 (webtiles) character file.

Game seed: 9422102455821270519

33737 LLlMATKO the Cleaver (level 13, -3/178 HPs)
             Began as a Minotaur Berserker on Jan 23, 2022.
             Was the Champion of Trog.
             Slain by a golden dragon simulacrum (19 damage)
             ... in an ice cave.
             The game lasted 00:22:51 (13368 turns).

LLlMATKO the Cleaver (Minotaur Berserker)          Turns: 13368, Time: 00:22:52

Health: -3/178     AC: 23    Str: 23    XL:     13   Next: 38%
Magic:  4/4        EV: 10    Int:  1    God:    Trog [******]
Gold:   908        SH: 19    Dex: 18    Spells: 12/12 levels left

rFire    . . .     SeeInvis .   n - +1 broad axe (antimagic)
rCold    . . .     Faith    .   T - +0 tower shield
rNeg     . . .     Spirit   .   c - +1 plate armour
rPois    +         Reflect  .   (helmet restricted)
rElec    +         Harm     .   F - +0 cloak of the Equinox {rElec Int-3 Dex+4 Slay+4}
rCorr    .         Rampage  .   x - +0 pair of gloves
Will     .....                  B - +2 pair of boots
Stlth    ..........             t - amulet of regeneration
HPRegen  1.39/turn              D - ring of poison resistance
MPRegen  0.09/turn              (no ring)

@: berserking (expiring), studying Axes, very quick
A: horns 2, retaliatory headbutt
a: Renounce Religion, Berserk, Trog's Hand, Brothers in Arms


You were in an ice cave.
You worshipped Trog.
Trog was exalted by your worship.
You visited 1 branch of the dungeon, and saw 14 of its levels.
You also visited: Bailey, Gauntlet and Ice Cave.

You collected 908 gold pieces.

Inventory:

Hand Weapons
 n - a +1 antimagic broad axe (weapon)
 p - a +3 whip of electrocution
 L - the +2 hunting sling of Reasonable Offence {vorpal, rElec rPois}
   (You found it on level 7 of the Dungeon)

   Any ammunition fired from it inflicts extra damage upon your enemies.
   rElec:     It insulates you from electricity.
   rPois:     It protects you from poison.
 P - a +0 hand crossbow
 W - a +2 hand axe of freezing
Missiles
 b - 35 sling bullets
 A - 148 bolts
 H - 16 boomerangs (quivered)
 M - 6 throwing nets
 R - 13 javelins
 S - 7 atropa-tipped darts
 U - 11 silver javelins
Armour
 c - a +1 plate armour (worn)
 x - a +0 pair of gloves (worn)
 B - a +2 pair of boots (worn)
 F - the +0 cloak of the Equinox (worn) {rElec Int-3 Dex+4 Slay+4}
   (You found it in a Gauntlet)

   Int:       It affects your intelligence (-3).
   Dex:       It affects your dexterity (+4).
   Slay:      It affects your accuracy & damage with ranged weapons and melee
   (+4).
   rElec:     It insulates you from electricity.
 T - a +0 tower shield (worn)
Jewellery
 h - the ring of Life {Fly rPois rF++ Int+6 Slay-5}
   (You found it in a Gauntlet)

   [ring of intelligence]

   Int:       It affects your intelligence (+6).
   Slay:      It affects your accuracy & damage with ranged weapons and melee
   (-5).
   rF:        It greatly protects you from fire.
   rPois:     It protects you from poison.
   Fly:       It grants you flight.
 o - a ring of fire
 t - an amulet of regeneration (around neck)
 D - a ring of poison resistance (left hand)
Wands
 y - a wand of iceblast (43)
 I - a wand of polymorph (9)
 O - a wand of flame (55)
 X - a wand of mindburst (16)
Scrolls
 e - 4 scrolls of magic mapping
 g - 6 scrolls of identify
 k - 3 scrolls of enchant weapon
 l - a scroll of enchant armour
 q - a scroll of silence {unknown}
 r - 6 scrolls of teleportation {unknown}
 u - 2 scrolls of fog {unknown}
 w - 2 scrolls of fear {unknown}
 C - a scroll of blinking {unknown}
 V - a scroll of summoning {unknown}
 Z - a scroll of holy word {unknown}
Potions
 d - 3 potions of brilliance {unknown}
 i - 2 potions of lignification {unknown}
 j - 9 potions of curing
 m - 3 potions of haste {unknown}
 s - 4 potions of resistance {unknown}
 v - a potion of flight {unknown}
 z - 4 potions of magic {unknown}
 E - a potion of ambrosia {unknown}
 G - 2 potions of heal wounds {unknown}
 J - 3 potions of attraction {unknown}
 K - a potion of cancellation {unknown}
 N - a potion of berserk rage {unknown}
 Q - 2 potions of degeneration {unknown}
 Y - a potion of mutation {unknown}


   Skills:
 + Level 12.5 Fighting
 + Level 12.7(13.5) Axes
 - Level 8.1(11.4) Maces & Flails
 + Level 6.8 Crossbows
 + Level 12.1 Armour
 + Level 11.3 Dodging
 + Level 11.0 Shields


You had 12 spell levels left.
You didn't know any spells.
Your spell library was empty.

Dungeon Overview and Level Annotations

Branches:
Dungeon (14/15)            Temple (0/1) D:7            Lair (0/6) D:10
    Orc (0/2) D:11         Bailey (visited)           IceCv (1/1)
Gauntlet (visited)
 Vaults: D:13-14

Altars:
Hepliaklqana
Okawaru
Qazlal
Sif Muna
Wu Jian
Xom
Yredelemnul
Beogh

Shops:
D:1 *   D:12 *

Annotations:
D:12 2 transporters


Innate Abilities, Weirdness & Mutations

You have a pair of horns on your head.
You reflexively headbutt those who attack you in melee.


Message History

Trog accepts your kill.
You are too injured to fight recklessly!
You are too injured to fight recklessly!
You slice one of the seven-headed hydra simulacrum's heads off!
You slice the six-headed hydra simulacrum!!
The six-headed hydra simulacrum is severely damaged.
The six-headed hydra simulacrum closely misses you.
You furiously retaliate!
You headbutt the six-headed hydra simulacrum!
The six-headed hydra simulacrum vaporises!
Trog accepts your kill.
Found a potion of curing, 41 gold pieces and an orange potion.
The dire elephant simulacrum tramples you.
The dire elephant simulacrum freezes you!!
* * * LOW HITPOINT WARNING * * *
You block the dire elephant simulacrum's attack.
You block the golden dragon simulacrum's attack. x2
The golden dragon simulacrum tramples you but does no damage.
The lindwurm simulacrum misses you. You furiously retaliate!
You headbutt the lindwurm simulacrum. The lindwurm simulacrum claws you.
* * * LOW HITPOINT WARNING * * *
The lindwurm simulacrum freezes you!!
* * * LOW HITPOINT WARNING * * *
You block the lindwurm simulacrum's attack.
You chop the dire elephant simulacrum into pieces!!!
You headbutt the dire elephant simulacrum.
The dire elephant simulacrum vaporises!
Trog accepts your kill.
You slash the lindwurm simulacrum! You slash the golden dragon simulacrum!
Unknown command.
You slash the golden dragon simulacrum!
The golden dragon simulacrum is moderately damaged.
You slice the lindwurm simulacrum!!
The lindwurm simulacrum vaporises!
Trog accepts your kill.
You block the golden dragon simulacrum's attack.
The golden dragon simulacrum claws you.
* * * LOW HITPOINT WARNING * * *
The golden dragon simulacrum freezes you!!
You die...

##### #######
!?$..# ##.....#
$.....###......#
......Z#.......#
......Z@).∩..∩.#
......○#.......#
!.....###......#
$[)..# ##.....#
##### #######


You could see a dire elephant simulacrum and a golden dragon simulacrum.

Vanquished Creatures
  A reaper (Gauntlet)
  A minotaur (Gauntlet)
  Harold (D:7)
  A caustic shrike simulacrum (IceCv)
  2 hydras (D:13)
  A death knight (D:13)
  A centaur warrior (D:13)
  2 two-headed ogres
  Nergalle (D:12)
  3 death yaks (D:9)
  Urug (D:11)
  A sixfirhy (Gauntlet)
  Pikel (D:7)
  An orc knight (Bailey)
  A harpy (shapeshifter) (D:13)
  A deep elf pyromancer (D:12)
  An orc sorcerer (Bailey)
  An ugly thing (D:11)
  A cyclops (D:11)
  A salamander (shapeshifter) (D:13)
  A manticore (D:11)
  5 centaur zombies
  The ghost of DiogoH the Cudgeller, a novice PaWr of Fedhas (D:6)
  A guardian serpent (D:11)
  2 unseen horrors
  A komodo dragon (D:11)
  The ghost of multipassport the Covert, a novice OpBr of Elyvilon (D:5)
  2 kobold demonologists
  3 freezing wraiths (D:14)
  An anaconda simulacrum (IceCv)
  3 hellwings (Gauntlet)
  4 trolls
  10 slime creatures
  Sigmund (D:6)
  3 shadows (Gauntlet)
  7 wraiths
  10 yaks
  A dire elephant simulacrum (IceCv)
  Grum (D:8)
  7 vampire mosquitoes (D:13)
  3 steam dragons
  A harpy simulacrum (IceCv)
  Edmund (D:5)
  A hydra simulacrum (IceCv)
  2 water moccasins
  An acid dragon (D:10)
  An ettin simulacrum (IceCv)
  19 orc warriors
  An alligator simulacrum (IceCv)
  A black bear (D:6)
  2 ice beasts (D:7)
  4 necrophages
  2 sky beasts
  2 ogres
  2 wolves (D:8)
  7 centaurs
  2 phantoms
  A lemure (D:7)
  4 gnoll sergeants (D:6)
  3 bullfrogs
  4 scorpions
  A water moccasin skeleton (D:4)
  A lindwurm simulacrum (IceCv)
  5 electric eels (Bailey)
  16 wights
  5 howler monkeys
  2 bullfrog zombies (D:5)
  6 hounds
  A gnoll shaman (D:6)
  7 orc priests
  Jessica (D:3)
  2 iguanas
  9 orc wizards
  A scorpion zombie (D:5)
  3 hell rats
  2 killer bee zombies
  A hound skeleton (D:4)
  3 howler monkey zombies
  16 gnolls
  A howler monkey skeleton (D:6)
  5 adders
  A river rat (D:10)
  2 shadow imps
  6 ufetubi
  3 worms
  3 dart slugs
  52 orcs
  6 bats
  9 endoplasms
  5 giant cockroaches
  24 goblins
  14 hobgoblins
  8 quokkas
  15 ball pythons
  5 frilled lizards
  9 kobolds
  6 rats
409 creatures vanquished.

Vanquished Creatures (others)
  9 plants
9 creatures vanquished.

Grand Total: 418 creatures vanquished

Notes
Turn   | Place    | Note
-------+----------+-------------------------------------------
     0 | D:1      | LLlMATKO the Minotaur Berserker began the quest for the
                  | Orb.
     0 | D:1      | Reached XP level 1. HP: 19/19 MP: 0/0
   196 | D:1      | Reached XP level 2. HP: 26/27 MP: 1/1
   261 | D:1      | Found a faded altar of an unknown god.
   402 | D:1      | Found Cuqoanoe's Assorted Antiques.
   446 | D:1      | Reached XP level 3. HP: 33/33 MP: 2/2
   541 | D:1      | Reached ** piety under Trog
   865 | D:2      | Found a shimmering altar of Xom.
  1322 | D:2      | Reached XP level 4. HP: 39/41 MP: 3/3
  1623 | D:3      | Noticed Jessica
  1627 | D:3      | Killed Jessica
  1758 | D:3      | Reached *** piety under Trog
  1768 | D:3      | Reached XP level 5. HP: 44/47 MP: 4/4
  2178 | D:4      | Reached skill level 5 in Fighting
  2178 | D:4      | Reached skill level 5 in Axes
  2530 | D:4      | Noticed a phantom
  2539 | D:4      | Reached skill level 1 in Maces & Flails
  2539 | D:4      | Reached XP level 6. HP: 56/56 MP: 5/5
  2820 | D:5      | Entered Level 5 of the Dungeon
  2888 | D:5      | Reached skill level 5 in Armour
  2888 | D:5      | Reached XP level 7. HP: 59/62 MP: 6/6
  2979 | D:5      | Identified the +1 pair of gloves "Coty" {+Blink +Inv rF-
                  | Int+4}
  3075 | D:5      | Reached skill level 5 in Dodging
  3203 | D:5      | Found a runed translucent door.
  3203 | D:5      | Noticed multipassport's ghost (novice OpBr)
  3203 | D:5      | Noticed a troll
  3343 | D:5      | Noticed Edmund
  3361 | D:5      | Killed Edmund
  3362 | D:5      | Reached skill level 1 in Shields
  3402 | D:5      | Reached XP level 8. HP: 65/71 MP: 7/7
  3421 | D:5      | Reached **** piety under Trog
  3645 | D:5      | Killed a troll
  3652 | D:5      | Killed multipassport's ghost
  3653 | D:5      | Reached skill level 5 in Maces & Flails
  3713 | D:6      | Identified the +6 scale mail of the Valley {Will+ Int+7
                  | Slay-5}
  3791 | D:6      | Found a transporter.
  3797 | D:6      | Found a transporter.
  3798 | D:6      | Noticed DiogoH's ghost (novice PaWr)
  3916 | D:6      | Reached XP level 9. HP: 58/81 MP: 8/8
  4177 | D:6      | Reached skill level 5 in Shields
  4218 | D:6      | Noticed Sigmund
  4228 | D:6      | Killed Sigmund
  4458 | D:6      | Killed an unseen horror
  4459 | D:6      | Reached XP level 10. HP: 31/90 MP: 9/9
  4625 | D:7      | Found an iron altar of Okawaru.
  4656 | D:7      | Found a flagged portal.
  4666 | D:7      | Reached ***** piety under Trog
  4673 | Bailey   | Entered a bailey
  5117 | Bailey   | Found an iron altar of Okawaru.
  5117 | Bailey   | Noticed an orc sorcerer
  5131 | Bailey   | Killed an orc sorcerer
  5494 | Bailey   | Noticed an orc knight
  5501 | Bailey   | Killed an orc knight
  5757 | Bailey   | Found an iron altar of Okawaru.
  6008 | Bailey   | Acquired a manual of Axes
  6010 | Bailey   | Acquired a manual of Axes
  6370 | D:7      | Found a stormy altar of Qazlal.
  6393 | D:7      | Identified the +2 hunting sling of Reasonable Offence
                  | {vorpal, rElec rPois}
  6417 | D:7      | Noticed Pikel
  6426 | D:7      | Killed Pikel
  6427 | D:7      | Reached skill level 10 in Fighting
  6533 | D:7      | Noticed Harold
  6542 | D:7      | Killed Harold
  6543 | D:7      | Reached XP level 11. HP: 99/99 MP: 0/10
  6588 | D:7      | Found a staircase to the Ecumenical Temple.
  7114 | D:8      | Noticed Grum
  7124 | D:8      | Killed Grum
  7542 | D:8      | Reached skill level 10 in Armour
  7735 | D:8      | Found an ornate altar of the Wu Jian Council.
  8290 | D:9      | Reached skill level 1 in Crossbows
  8424 | D:9      | Identified the +2 shortbow "Ixzu Ass" {vorpal, +Blink rPois
                  | MP-9 Int+2}
  8656 | D:9      | Found a basalt altar of Yredelemnul.
  8656 | D:9      | Found a shimmering blue altar of Sif Muna.
  8657 | D:9      | Found a hazy altar of Hepliaklqana.
  8705 | D:10     | Entered Level 10 of the Dungeon
  8733 | D:10     | Found a staircase to the Lair.
  8733 | D:10     | Noticed a death yak
  8734 | D:10     | Noticed a death yak
  8818 | D:9      | Killed a death yak
  8821 | D:9      | Killed a death yak
  9017 | D:10     | Noticed a two-headed ogre
  9030 | D:10     | Killed a two-headed ogre
  9112 | D:10     | Noticed a death yak
  9142 | D:9      | Killed a death yak
  9142 | D:9      | Reached ****** piety under Trog
  9170 | D:10     | Received a gift from Trog
  9383 | D:10     | Reached XP level 12. HP: 110/110 MP: 3/11
  9760 | D:11     | Reached skill level 10 in Dodging
  9812 | D:11     | Found a staircase to the Orcish Mines.
 10025 | D:11     | Reached skill level 10 in Axes
 10587 | D:11     | Noticed Urug
 10610 | D:11     | Killed Urug
 10770 | D:12     | Found a transporter.
 10780 | D:12     | Found a gate leading to a gauntlet.
 10790 | D:12     | Found Mampair's Blood Bar.
 10807 | Gauntlet | Entered a Gauntlet
 10807 | Gauntlet | Found a transporter.
 10807 | Gauntlet | Found a transporter.
 10825 | Gauntlet | Found a transporter.
 10825 | Gauntlet | Found a transporter.
 10843 | Gauntlet | Found a transporter.
 10851 | Gauntlet | Found a transporter.
 10855 | Gauntlet | Found a transporter.
 10863 | Gauntlet | Found a transporter.
 10865 | Gauntlet | Noticed a death scarab
 10865 | Gauntlet | Noticed a death scarab
 10876 | Gauntlet | Noticed a reaper
 10877 | Gauntlet | Found a runed translucent door.
 10880 | Gauntlet | Found a transporter.
 10883 | Gauntlet | Found a runed translucent door.
 10894 | Gauntlet | Found a transporter.
 10898 | Gauntlet | Found a transporter.
 10906 | Gauntlet | Found a transporter.
 11006 | Gauntlet | Reached skill level 5 in Crossbows
 11006 | Gauntlet | Reached skill level 10 in Shields
 11017 | Gauntlet | Identified the +0 cloak of the Equinox {rElec Int-3 Dex+4
                  | Slay+4}
 11076 | Gauntlet | Killed a reaper
 11081 | Gauntlet | Identified the ring of Life {Fly rPois rF++ Int+6 Slay-5}
 11156 | Gauntlet | Noticed a minotaur
 11213 | Gauntlet | Killed a minotaur
 11447 | D:12     | Noticed Nergalle
 11458 | D:12     | Killed Nergalle
 11572 | D:12     | Found a transporter.
 11878 | D:6      | Killed DiogoH's ghost
 12064 | D:13     | Noticed a centaur warrior
 12072 | D:13     | Killed a centaur warrior
 12073 | D:13     | Reached XP level 13. HP: 118/118 MP: 4/12
 13321 | D:14     | Found a frozen archway.
 13352 | IceCv    | Entered an ice cave
 13360 | IceCv    | Identified the +3 war axe "Jint" {flame, Drain Will++}
                  | (Trog gifted it to you in an ice cave)
 13360 | IceCv    | Received a gift from Trog
 13368 | IceCv    | Slain by a golden dragon simulacrum

Illustrated notes

Levels and vault maps discovered:
D:1:      erik_arrival_cave_to_civilisation [erik_arrival_cave_to_hall],
          layout_basic, serial_shops, shop_coins,
          shapermc_ecumenical_altar_totnotflames
D:2:      layout_basic, basic_altar, minmay_pentomino_q2
D:3:      layout_rooms, kennysheep_nub, patterned_corridor, uniq_jessica
D:4:      layout_basic
D:5:      layout_loops_ring, ebering_ghost_inner_flame,
          minmay_fractal_squares_gapless_5, uniq_edmund
D:6:      cheibrodos_barr_body, layout_cave_pools, serial_column_ruins,
          column_ruins_hut, column_ruins_open_tiny,
          column_ruins_columns_dead_end, column_ruins_open_small,
          column_ruins_open_small, column_ruins_open_tiny,
          gammafunk_ghost_gnarly_gnolls, uniq_sigmund
D:7:      layout_basic, okawaru_gym_becter, nicolae_qazlal_eye_of_the_storm,
          temple_doors_e, enter_bailey_3, hangedman_decor_riveting,
          serial_bayou_crossing, uniq_harold, uniq_pikel
D:8:      layout_layer_cave, mainiacjoe_overflow_surrounded_room, uniq_grum
D:9:      layout_big_octagon, gammafunk_temple_overflow_claw, minivault_25,
          mrwooster_statue_mirror
D:10:     layout_cave_pools, dpeg_lair_monsters, minmay_misc_feat_tiny
D:11:     layout_long_grid, david_orc_5, nrook_guardian_serpent_double,
          uniq_urug
D:12:     gammafunk_worm_tunnel, layout_rooms, gauntlet_entry_generic,
          guppyfry_shop_blood, uniq_nergalle
D:13:     layout_stronghold
D:14:     layout_roguey, hangedman_vaults_entry_quadrant_bands,
          portal_ice_cave_entry_frozen_things, moated_statue
IceCv:    ice_cave_statue_garden_chambered

Skill      XL: |  1  2  3  4  5  6  7  8  9 10 11 12 13 |
---------------+----------------------------------------+-----
Fighting       | 4 5 6 7 8 10 11 12 | 12.5
Axes           | 4 5 6 9 11 12 | 12.7
Armour         | 3 4 5 6 7 8 9 10 11 12 | 12.1
Dodging        | 3 4 5 6 7 8 9 10 11 | 11.3
Maces & Flails | 1 2 4 5 7 8 |  8.1
Shields        | 1 4 6 7 9 10 11 | 11.0
Crossbows      | 3 6 |  6.8

Action                   |  1- 3 |  4- 6 |  7- 9 | 10-12 | 13-15 || total
-------------------------+-------+-------+-------+-------+-------++-------
Melee: Hand axe          |   108 |   127 |   246 |       |       ||   481
       Headbutt          |    18 |    20 |    54 |   145 |    32 ||   269
       Whip              |       |       |       |   161 |    23 ||   184
       Broad axe         |       |       |       |   510 |    64 ||   574
Throw: Boomerang         |       |       |       |     2 |       ||     2
       Javelin           |       |       |       |     2 |       ||     2
Invok: Berserk           |     1 |     2 |     9 |    23 |     3 ||    38
  Use: Scroll            |       |       |     1 |     8 |       ||     9
Armor: Plate armour      |    56 |    80 |   199 |   345 |    37 ||   717
Dodge: Dodged            |    46 |    46 |    60 |   197 |    32 ||   381
Block: Buckler           |       |       |     7 |       |       ||     7
       Kite shield       |       |       |    83 |   308 |       ||   391
       Tower shield      |       |       |       |   161 |   109 ||   270
